 Dungeon Crawl Stone Soup version 0.31-a0-182-gc5ef74bbde (webtiles) character file.

Game seed: 18247486046744929235

242 qw the Chopper (level 6, -4/39 HPs)
             Began as a Gargoyle Fighter on June 21, 2023.
             Slain by an ogre
             ... wielding a +0 giant spiked club
              (17 damage)
             ... on level 4 of the Dungeon.
             The game lasted 00:01:24 (2451 turns).

qw the Chopper (Gargoyle Fighter)                   Turns: 2451, Time: 00:01:24

Health: -4/39      AC: 17    Str: 21    XL:     6   Next: 9%
Magic:  6/6        EV:  5    Int:  9    God:
Gold:   157        SH:  4    Dex:  9    Spells: 5/5 levels left

rFire   . . .        Y - +0 war axe
rCold   . . .        c - +0 buckler
rNeg    + . .        g - +0 plate armour
rPois   inf          b - +0 helmet
rElec   +            (no cloak)
rCorr   .            (no gloves)
SInv    .            (no boots)
Will    .....        (no amulet) Stlth
                     (no ring)
HPRegen 0.26/turn    (no ring)
MPRegen 0.10/turn

%: no passive effects
@: no status effects
A: sickness immunity, AC +4, negative energy resistance 1, electricity
resistance, torment resistance 1, petrification resistance
a: no special abilities


You were on level 4 of the Dungeon.
You visited 1 branch of the dungeon, and saw 4 of its levels.

You collected 157 gold pieces.


Innate Abilities, Weirdness & Mutations

You are immune to sickness and miasma.
Your stone body is resilient. (AC +4)
You are immune to poison.
You resist negative energy. (rN+)
You are resistant to electric shocks. (rElec)
You are resistant to unholy torment.
You are immune to petrification.


   Skills:
 - Level 4.3 Fighting
 + Level 5.1 Axes
 - Level 3.2 Armour
 - Level 3.2 Shields


You had 5 spell levels left.
You didn't know any spells.
Your spell library was empty.

Inventory:

Hand Weapons
 k - the +7 whip "Deulah" {heavy, rCorr Str+8 Stlth-}
   (You found it on level 3 of the Dungeon)

   Str:       It affects your strength (+8).
   rCorr:     It protects you from acid and corrosion.
   Stlth:     It makes you less stealthy.
 Y - a +0 war axe (weapon)
Missiles
 e - 5 boomerangs (quivered)
Armour
 b - a +0 helmet (worn)
 c - a +0 buckler (worn)
 g - a +0 plate armour (worn)
Scrolls
 a - a scroll of teleportation
 f - a scroll of revelation {unknown}
 i - a scroll of identify
Potions
 d - 2 potions of might
 h - a potion of lignification {unknown}
 j - a potion of heal wounds {unknown}

Dungeon Overview and Level Annotations

Branches:
Dungeon (4/15)
 Temple: D:4-7

Altars:


Message History

The scorpion stings you.
The scorpion stings you but does no damage.
You hit the scorpion.
The scorpion is heavily wounded.
You block the scorpion's attack.
You closely miss the scorpion.
The scorpion is heavily wounded.
The scorpion stings you but does no damage.
The scorpion stings you.
You barely miss the scorpion.
The scorpion is heavily wounded.
The scorpion stings you but does no damage.
You slash the scorpion!
You kill the scorpion!
Your Fighting skill increases to level 4!
You have reached level 6!
You start resting.
HP restored.
f - a scroll labelled OLIJUM ITHRUUCA
Enter note: An ogre comes into view. It is wielding a +0 giant spiked club.
Enter note:
2444 ||| Stepping ~*~*~tactically~*~*~ (stealth).
Enter note: You throw a boomerang.
The boomerang hits the ogre.
The ogre is lightly wounded.
You throw a boomerang. The boomerang hits the ogre.
The ogre is lightly wounded.
You throw a boomerang.
The boomerang hits the ogre but does no damage.
The ogre is lightly wounded.
You throw a boomerang. The boomerang barely misses the ogre.
You hit the ogre.
The ogre is moderately wounded.
The ogre hits you with a +0 giant spiked club!!
Ouch! That really hurt!
You barely miss the ogre.
The ogre is moderately wounded.
The ogre hits you with a +0 giant spiked club!
You die...

#.O.. ...#........#.#.
#.... ...............
.#..... #..............
......###.#......#.###.
.##..................#..
......##.#..##..........
#...................#...
.^.....O..#..#...%.####.
.......@###.##.....#....
.........##.###.........
..........#........%....
.............###......#.
...........#####.###%###
....#....... #....#..###
..###.......##..........
.. .........#..........
...............


You could see an ogre.

Vanquished Creatures
  A scorpion (D:4)
  A howler monkey (D:4)
  An iguana (D:4)
  4 adders
  2 dart slugs
  An orc (D:3)
  6 ball pythons
  11 endoplasms
  4 giant cockroaches
  7 goblins
  11 hobgoblins
  4 jackals (D:1)
  5 kobolds
  3 quokkas
  7 bats
  2 frilled lizards
  4 rats
74 creatures vanquished.

Notes
Turn   | Place    | Note
-------+----------+-------------------------------------------
     0 | D:1      | qw the Gargoyle Fighter began the quest for the Orb.
     0 | D:1      | Reached XP level 1. HP: 14/14 MP: 1/1
     0 | D:1      | 0 ||| qw: Version: 0.3-a-9-g12657ce
     0 | D:1      | 0 ||| qw: Game counter: 1592
     0 | D:1      | 0 ||| qw: Always use a shield: true
     0 | D:1      | 0 ||| qw: God list: Okawaru
     0 | D:1      | 0 ||| qw: Allow faded altars: false
     0 | D:1      | 0 ||| qw: Do Orc after D:15 true
     0 | D:1      | 0 ||| qw: Do second Lair branch before Depths: true
     0 | D:1      | 0 ||| qw: Lair rune preference: random
     0 | D:1      | 0 ||| qw: Plans: Normal, Zot:1-4, Slime:5, God:TSO, Crypt,
                  | Tomb, Abyss, Pan, Hells, Win
     0 | D:1      | 0 ||| PLANNING D:1-11
    60 | D:1      | Reached skill level 2 in Axes
   135 | D:1      | 135 ||| Stepping ~*~*~tactically~*~*~ (stealth).
   148 | D:1      | Reached XP level 2. HP: 12/19 MP: 2/2
   308 | D:1      | 308 ||| Stepping ~*~*~tactically~*~*~ (stealth).
   321 | D:1      | Reached skill level 3 in Axes
   322 | D:1      | Reached XP level 3. HP: 23/23 MP: 3/3
   683 | D:1      | 683 ||| UPGRADING to +0 plate armour.
   693 | D:1      | 693 ||| DROPPING +0 scale mail.
   694 | D:1      | 694 ||| READING scroll labelled FUXECU MEUTWO.
   823 | D:2      | 823 ||| Stepping ~*~*~tactically~*~*~ (stealth).
   824 | D:2      | 824 ||| Stepping ~*~*~tactically~*~*~ (stealth).
  1072 | D:2      | Reached XP level 4. HP: 28/28 MP: 4/4
  1100 | D:2      | 1100 ||| Stepping ~*~*~tactically~*~*~ (stealth).
  1111 | D:2      | Reached skill level 4 in Axes
  1743 | D:2      | 1743 ||| UPGRADING to +0 helmet.
  1748 | D:2      | 1748 ||| READING scroll labelled ECUSTUBARCH.
  1749 | D:2      | 1749 ||| READING scroll labelled YXAUJYASAGH.
  1753 | D:2      | 1753 ||| READING 2 scrolls labelled JEOMYRR VIJOUJ.
  1805 | D:3      | 1805 ||| Stepping ~*~*~tactically~*~*~ (stealth).
  1808 | D:3      | 1808 ||| Stepping ~*~*~tactically~*~*~ (stealth).
  1906 | D:3      | 1906 ||| Stepping ~*~*~tactically~*~*~ (hiding).
  1912 | D:3      | 1912 ||| Stepping ~*~*~tactically~*~*~ (hiding).
  2090 | D:3      | Identified the +7 whip "Deulah" {heavy, rCorr Str+8 Stlth-}
  2092 | D:3      | 2092 ||| DROPPING +0 whip.
  2288 | D:3      | 2288 ||| READING scroll labelled GUK DUER EBIWK.
  2315 | D:4      | 2315 ||| STAIRDANCE
  2368 | D:4      | Reached XP level 5. HP: 25/32 MP: 5/5
  2375 | D:4      | 2375 ||| FLEEEEING.
  2376 | D:4      | 2376 ||| FLEEEEING.
  2377 | D:4      | 2377 ||| FLEEEEING.
  2378 | D:4      | 2378 ||| FLEEEEING.
  2379 | D:4      | 2379 ||| FLEEEEING.
  2380 | D:4      | 2380 ||| FLEEEEING.
  2387 | D:4      | Reached skill level 5 in Axes
  2417 | D:4      | Reached XP level 6. HP: 34/39 MP: 6/6
  2444 | D:4      | 2444 ||| Stepping ~*~*~tactically~*~*~ (stealth).
  2451 | D:4      | Slain by an ogre

Levels and vault maps discovered:
D:1:      minmay_arrival_split_and_join, layout_basic, hex_intersection
D:2:      layout_loops_corners, kennysheep_pointless_box
D:3:      layout_rooms
D:4:      layout_cave_pools

Skill      XL: |  1  2  3  4  5 |
---------------+----------------+-----
Axes           | 2 3 4 5 |  5.1
Fighting       | 4 |  4.3
Armour         | |  3.2
Shields        | |  3.2

Action                     |  1- 3 |  4- 6 || total
---------------------------+-------+-------++-------
  Melee: War axe           |   140 |    97 ||   237
  Throw: Boomerang         |       |     9 ||     9
    Use: Scroll            |     1 |     4 ||     5
 Armour: Scale mail        |    61 |       ||    61
         Plate armour      |    26 |    59 ||    85
  Dodge: Dodged            |    70 |    26 ||    96
  Block: Buckler           |    33 |    14 ||    47

Table legend:
 A = Non-vault XP
 B = Vault XP
 C = Vault XP percentage of total XP
 D = Non-vault monster count
 E = Vault monster count
 F = Vault count percentage of total count
                 A         B        C        D         E       F
            +---------+---------+-------+---------+---------+-------
      Total |     346 |       0 |   0.0 |      74 |       0 |   0.0
            +---------+---------+-------+---------+---------+-------
        D:1 |      57 |       0 |   0.0 |      34 |       0 |   0.0
        D:2 |      56 |       0 |   0.0 |      19 |       0 |   0.0
        D:3 |      36 |       0 |   0.0 |      12 |       0 |   0.0
        D:4 |     197 |       0 |   0.0 |       9 |       0 |   0.0
            +---------+---------+-------+---------+---------+-------
